 Dungeon Crawl Stone Soup version 0.23.2-33-g5129a83184 (webtiles) character file.

Game seed: 2950502566563342737

46 Descartes the Scratcher (level 3, 0/15 HPs)
             Began as a Felid Transmuter on Aug 1, 2019.
             Slain by a jelly (3 damage)
             ... on level 2 of the Dungeon.
             The game lasted 00:02:40 (1610 turns).

Descartes the Scratcher (Felid Transmuter)          Turns: 1610, Time: 00:02:40

Health: 0/15       AC: -3    Str:  6    XL:     3   Next: 44%
Magic:  6/7        EV: 18    Int: 14    God:
Gold:   93         SH:  0    Dex: 17    Spells: 3/6 levels left
                                        Lives:  0   Deaths: 0

rFire    . . .     SeeInvis +     - Unarmed
rCold    . . .     Gourm    .   (shield unavailable)
rNeg     . . .     Faith    .   (armour unavailable)
rPois    .         Spirit   .   (helmet unavailable)
rElec    .         Reflect  .   (cloak unavailable)
rCorr    .         Harm     .   (gloves unavailable)
MR       .....                  (boots unavailable)
Stlth    +++.......             (no amulet)
HPRegen  0.05/turn              (no ring)
MPRegen  0.10/turn              (no ring)

@: appendage, corroded, quick
A: very small, no armour, no weapons or thrown items, stealth, claws 1, fangs 3,
horns 2, see invisible, carnivore, speed 1, shaggy fur 1, slow metabolism 1,
sharp paws
a: End Transformation


You were on level 2 of the Dungeon.
You were completely stuffed.
You had grown temporary horns.
You visited 1 branch of the dungeon, and saw 2 of its levels.

You collected 93 gold pieces.

Inventory:

Missiles
 a - 12 arrows
Scrolls
 b - a scroll of immolation {unknown}
 d - a scroll of identify {unknown}
Comestibles
 c - a ration
 f - 2 chunks of flesh


   Skills:
 + Level 1.3 Fighting
 + Level 3.0 Dodging
 * Level 2.5 Stealth
 + Level 3.2 Unarmed Combat
 + Level 2.2 Spellcasting
 + Level 2.5 Transmutations


You had 3 spell levels left.
You knew the following spells:

 Your Spells              Type           Power        Failure   Level  Hunger
a - Beastly Appendage     Tmut           #.....       9%          1    #......
b - Sticks to Snakes      Tmut           #.......     12%         2    ###....

Your spell library contained the following spells:

 Spells                   Type           Power        Failure   Level  Hunger
 Spider Form              Tmut/Pois      #.........   38%         3    ###....
 Ice Form                 Ice/Tmut       #.......     80%         4    #####..
 Blade Hands              Tmut           #.........   92%         5    ######.


Dungeon Overview and Level Annotations

Branches:
Dungeon (2/15)

Altars:


Innate Abilities, Weirdness & Mutations

You cannot wear armour.
You are incapable of wielding weapons or throwing items.
Your paws allow you to move quietly. (Stealth)
You have sharp claws.
You have razor-sharp teeth.
You have supernaturally acute eyesight. (SInv)
You are carnivorous and can eat meat at any time.
You cover ground quickly.
You are covered in fur. (AC +1)
You have a slow metabolism.
Your sharp claws are effective at attacking unaware monsters.
You have a pair of horns on your head.


Message History

The ooze hits you.
You scratch the ooze.
The ooze is lightly wounded.
The ooze misses you.
You scratch the ooze. You headbutt the ooze.
You bite the ooze, but do no damage.
The ooze is heavily wounded.
A jelly comes into view.
Something hits the fungus but does no damage.
The ooze hits you.
You scratch the ooze.
The ooze is almost dead.
Something hits the fungus.
The ooze closely misses you.
You scratch the ooze but do no damage. You headbutt the ooze.
You kill the ooze!
A jelly comes into view.
You scratch the jelly but do no damage. The acid corrodes you!
Your paws burn!
* * * LOW HITPOINT WARNING * * *
The jelly hits you.
You die... ........# ........# ÷.# ........# P.# ##......# P.# #......# ..# ######.# PJ#

#.# ..# #######.#
#######J#
..÷.....###...).@#
.#########(########
... ##..'....# .###
####...)# ..
#.......# .## #.
#.......# .#
#..##...[...# .#
#..##.......#
#..###.....##


You could see 2 jellies.

Vanquished Creatures
  An adder (D:2)
  An ooze (D:2)
  2 giant cockroaches
  4 goblins
  5 hobgoblins
  2 bats (D:1)
  2 frilled lizards (D:2)
  10 kobolds
  5 rats
32 creatures vanquished.

Vanquished Creatures (others)
  3 toadstools (D:2)
3 creatures vanquished.

Grand Total: 35 creatures vanquished

Notes
Turn   | Place    | Note
-------+----------+-------------------------------------------
     0 | D:1      | Descartes the Felid Transmuter began the quest for the Orb.
     0 | D:1      | Reached XP level 1. HP: 9/9 MP: 4/4
   253 | D:1      | Reached skill level 1 in Stealth
   264 | D:1      | You fall through a shaft!
   318 | D:1      | Reached XP level 2. HP: 12/12 MP: 4/6
  1038 | D:2      | Reached XP level 3. HP: 9/15 MP: 5/7
  1362 | D:2      | Learned a level 2 spell: Sticks to Snakes
  1610 | D:2      | Slain by a jelly

Skill      XL: |  1  2  3 |
---------------+----------+-----
Stealth        | 1 2 |  2.5
Dodging        | 3 |  3.0
Fighting       | |  1.3
Unarmed Combat | |  3.2
Spellcasting   | |  2.2
Transmutations | |  2.5

Action                   || total
-------------------------++-------
Melee: Unarmed           ||    94
       Headbutt          ||    13
       Bite              ||     5
 Cast: Beastly Appendage ||    26
 Stab: Sleeping          ||     3
  Eat: Chunk             ||     9
Armor: Skin              ||     4
Dodge: Dodged            ||    56
